 Dungeon Crawl Stone Soup version 0.30-a0-1074-g5db6f66fbb (webtiles) character file.

Game seed: 11492363672145267836

621448 cforsyth the Cloud Mage (level 27, -8/158 HPs)
             Began as an Octopode Summoner on Apr 14, 2023.
             Was the Champion of Jiyva.
             Killed from afar by a purple draconian (25 damage)
             ... with a bolt of dispelling energy
             ... on level 2 of the Realm of Zot.
             The game lasted 03:14:20 (90194 turns).

cforsyth the Cloud Mage (Octopode Summoner)        Turns: 90194, Time: 03:14:20

Health: -8/158     AC:  3    Str: 13 (14) XL:     27
Magic:  31/66      EV: 24    Int: 49      God:    Jiyva [******]
Gold:   2338       SH:  0    Dex: 16 (17) Spells: 5/50 levels left

rFire   + + +      SeeInvis .    H - +8 hand axe "Uttarym" {flame, rF+ rN+ Int+3}
rCold   . . .      Faith    .    (no shield)
rNeg    + + +      Spirit   .    A - +2 hood of the Assassin {Detect Stab+ Stlth++}
rPois   .          Reflect  .    X - amulet of Xocluafo {rF+ Regen+ Slay+3 Stlth+}
rElec   .          Rampage  .    U - ring of Fuocyle {rN+ Will+ MP+9 Str-3}
rCorr   +          Clarity  +    g - ring "Sih Noul" {+Blink rN+ Int+6}
Will    ++++.                    M - ring of Balance {Fly rCorr Int-2 Dex+4 Slay+5} Stlth *+++++++++
                                 I - ring of Shadows {Umbra +Inv Stlth+}
HPRegen 2.86/turn                p - ring of Deafuu {rF+ MP+9 Str+6}
MPRegen 0.90/turn                J - ring "Reseahum" {rF+ Int+7}
                                 V - ring "Doed" {rN+ MP+9 Str+2 Int+3}
                                 L - ring of Geblil {Wiz Will+ Int+3}

@: flying, wreathed by umbra, studying Maces & Flails
A: almost no armour, amphibious, 8 rings, camouflage 1, gelatinous body 1,
(nimble swimmer 1), tentacles, clarity, deterioration 1, frail 2, passive
freeze, wild magic 3, acidic bite, eyeballs 2, pseudopods 3, evolution 2, engulf
}: 4/15 runes: decaying, slimy, silver, gossamer
a: Renounce Religion, Evoke Blink, Evoke Invisibility, Oozemancy, Slimify


You were on level 2 of the Realm of Zot.
You worshipped Jiyva.
Jiyva was exalted by your worship.
You visited 13 branches of the dungeon, and saw 54 of its levels.
You also visited: Sewer, Bailey and Wizlab.

You collected 24752 gold pieces.
You spent 7232 gold pieces at shops.
You paid 15182 gold pieces to Gozag.

Inventory:

Hand Weapons
 H - the +8 hand axe "Uttarym" (weapon) {flame, rF+ rN+ Int+3}
   (You found it on level 11 of the Dungeon)

   Int:       It affects your intelligence (+3).
   rF:        It protects you from fire.
   rN:        It protects you from negative energy.
Armour
 A - the +2 hood of the Assassin (worn) {Detect Stab+ Stlth++}
   (You found it on level 5 of the Pits of Slime)

   Detect:    It allows the wearer to sense nearby creatures.
   Stab+:     It allows the wearer to make particularly effective stabbing
   attacks against helpless or unaware enemies with any weapon.
   Stlth:     It makes you much more stealthy.
Jewellery
 g - the ring "Sih Noul" (right tentacle) {+Blink rN+ Int+6}
   (You found it on level 2 of the Vaults)

   [ring of intelligence]

   Int:       It affects your intelligence (+6).
   rN:        It protects you from negative energy.
   +Blink:    It lets you blink.
 p - the ring of Deafuu (on tentacle) {rF+ MP+9 Str+6}
   (You bought it in a shop on level 4 of the Depths)

   [ring of magical power]

   Str:       It affects your strength (+6).
   rF:        It protects you from fire.
   MP:        It affects your magic capacity (+9).
 u - the ring of Hiseh {Ice Int+6 Dex+4}
   (You took it off an ironbound thunderhulk in a wizard's laboratory)

   [ring of ice]

   It enhances your ice magic.
   Int:       It affects your intelligence (+6).
   Dex:       It affects your dexterity (+4).
   rF:        It makes you vulnerable to fire.
   rC:        It protects you from cold.
 v - the ring "Umipevuot" {rElec Dex+6 SInv}
   (You found it on level 3 of the Elven Halls)

   [ring of dexterity]

   Dex:       It affects your dexterity (+6).
   rElec:     It insulates you from electricity.
   SInv:      It lets you see invisible.
 E - the ring "Mapehig" {rPois rF- MP+9 Str-2 Int+6}
   (You bought it in a shop on level 1 of the Lair of Beasts)

   [ring of magical power]

   Str:       It affects your strength (-2).
   Int:       It affects your intelligence (+6).
   rF:        It makes you vulnerable to fire.
   rPois:     It protects you from poison.
   MP:        It affects your magic capacity (+9).
 G - an amulet of reflection
 I - the ring of Shadows (on tentacle) {Umbra +Inv Stlth+}
   (You bought it in a shop on level 1 of the Lair of Beasts)

   [ring of stealth]

   Umbra:     It surrounds you with an aura of shadow, increasing your stealth
   and reducing the accuracy of all others within it.
   +Inv:      It lets you turn invisible.
   Stlth:     It makes you more stealthy.
 J - the ring "Reseahum" (on tentacle) {rF+ Int+7}
   (You bought it in a shop on level 1 of the Lair of Beasts)

   [ring of protection from fire]

   Int:       It affects your intelligence (+7).
   rF:        It protects you from fire.
 L - the ring of Geblil (on tentacle) {Wiz Will+ Int+3}
   (You bought it in a shop on level 1 of the Lair of Beasts)

   [ring of wizardry]

   It improves your spell success rate.
   Int:       It affects your intelligence (+3).
   Will:      It increases your willpower.
 M - the ring of Balance (on tentacle) {Fly rCorr Int-2 Dex+4 Slay+5}
   (You bought it in a shop on level 1 of the Lair of Beasts)

   [ring of resist corrosion]

   Int:       It affects your intelligence (-2).
   Dex:       It affects your dexterity (+4).
   Slay:      It affects your accuracy & damage with ranged weapons and melee
   (+5).
   Fly:       It grants you flight.
   rCorr:     It protects you from acid and corrosion.
 N - an amulet of magic regeneration
 Q - a +4 ring of slaying
 S - the dreamshard necklace {*Dream Drain}
   (You bought it in a shop on level 1 of the Lair of Beasts)

   [amulet of nothing]

   *Dream:    It shatters if its wearer takes lethal or near-lethal damage,
   preventing the blow and releasing protective dreams that heal and fight for
   the wearer.
   Drain:     It drains your maximum health when unequipped.
 U - the ring of Fuocyle (left tentacle) {rN+ Will+ MP+9 Str-3}
   (You took it off an ironbound thunderhulk on level 1 of the Vaults)

   [ring of willpower]

   Str:       It affects your strength (-3).
   rN:        It protects you from negative energy.
   MP:        It affects your magic capacity (+9).
   Will:      It increases your willpower.
 V - the ring "Doed" (on tentacle) {rN+ MP+9 Str+2 Int+3}
   (You found it on level 5 of the Vaults)

   [ring of magical power]

   Str:       It affects your strength (+2).
   Int:       It affects your intelligence (+3).
   rN:        It protects you from negative energy.
   MP:        It affects your magic capacity (+9).
 W - the ring "Habyorih" {+Blink rElec rPois rN+ Dex+6}
   (You found it on level 3 of the Crypt)

   [ring of positive energy]

   Dex:       It affects your dexterity (+6).
   rElec:     It insulates you from electricity.
   rPois:     It protects you from poison.
   rN:        It protects you from negative energy.
   +Blink:    It lets you blink.
 X - the amulet of Xocluafo (around mantle) {rF+ Regen+ Slay+3 Stlth+}
   (You found it on level 5 of the Vaults)

   [amulet of regeneration]

   Slay:      It affects your accuracy & damage with ranged weapons and melee
   (+3).
   rF:        It protects you from fire.
   Regen:     It increases your rate of health regeneration.
   Stlth:     It makes you more stealthy.
 Z - the ring "Patium" {Wiz Int+2 Dex+4}
   (You found it on level 2 of the Vaults)

   [ring of wizardry]

   It improves your spell success rate.
   Int:       It affects your intelligence (+2).
   Dex:       It affects your dexterity (+4).
Wands
 k - a wand of quicksilver (38)
 l - a wand of digging (19)
 n - a wand of roots (39)
 D - a wand of paralysis (70)
 R - a wand of polymorph (27)
Scrolls
 b - 8 scrolls of poison
 f - 20 scrolls of teleportation
 q - 11 scrolls of fear
 s - 10 scrolls of fog
 w - 4 scrolls of torment
 y - 7 scrolls of amnesia
 z - 8 scrolls of butterflies
 B - 4 scrolls of magic mapping
 C - 4 scrolls of blinking
 K - 2 scrolls of silence
 O - 33 scrolls of identify
 P - 5 scrolls of enchant armour
Potions
 a - 5 potions of magic
 c - 11 potions of ambrosia
 d - 7 potions of cancellation
 e - 10 potions of lignification
 h - 9 potions of haste
 i - 11 potions of might
 j - 6 potions of brilliance
 m - 8 potions of flight
 o - 27 potions of curing
 r - 13 potions of mutation
 t - 8 potions of attraction
 x - 6 potions of heal wounds
 F - 2 potions of berserk rage
 T - 5 potions of invisibility
 Y - 5 potions of resistance


   Skills:
 - Level 19.1 Fighting
 - Level 19.2 Dodging
 - Level 2.6 Stealth
 - Level 18.0 Unarmed Combat
 - Level 12.0 Spellcasting
 - Level 13.4 Summonings
 - Level 10.0 Translocations
 + Level 23.3 Transmutations
 + Level 23.4 Air Magic


You had 5 spell levels left.
You knew the following spells:

 Your Spells              Type           Power      Damage    Failure   Level
a - Storm Form            Tmut/Air       85%        N/A       1%          7
b - Manifold Assault      Tloc           100%       N/A       1%          4
c - Call Canine Familiar  Summ           100%       N/A       1%          3
d - Summon Guardian Gole  Hex/Summ       100%       N/A       1%          3
e - Summon Lightning Spi  Summ/Air       100%       N/A       1%          4
f - Summon Forest         Summ/Tloc      67%        N/A       1%          5
g - Summon Cactus Giant   Summ           70%        N/A       1%          6
h - Summon Mana Viper     Hex/Summ       100%       N/A       3%          5
i - Maxwell's Capacitive  Air            86%        ∞         1%          8

Your spell library contained the following spells:

 Spells                   Type           Power      Damage    Failure   Level
 Apportation              Tloc           100%       N/A       1%          1
 Sting                    Tmut/Pois      100%       1d8       1%          1
 Summon Small Mammal      Summ           100%       N/A       1%          1
 Blink                    Tloc           100%       N/A       1%          2
 Call Imp                 Summ           100%       N/A       1%          2
 Cigotuvi's Dreadful Rot  Necr/Pois/Air  100%       N/A       1%          2
 Lesser Beckoning         Tloc           100%       N/A       1%          2
 Momentum Strike          Conj/Tloc      100%       3d10      1%          2
 Poisonous Vapours        Pois/Air       100%       N/A       1%          2
 Static Discharge         Conj/Air       100%       2-7/arc   1%          2
 Gell's Gravitas          Tloc           100%       N/A       1%          3
 Ignite Poison            Fire/Tmut/Pois 100%       N/A       1%          3
 Mephitic Cloud           Conj/Pois/Air  100%       N/A       1%          3
 Portal Projectile        Hex/Tloc       100%       N/A       1%          3
 Spider Form              Tmut/Pois      100%       N/A       1%          3
 Teleport Other           Tloc           100%       N/A       1%          3
 Vhi's Electric Charge    Tloc/Air       100%       N/A       1%          3
 Passage of Golubria      Tloc           100%       N/A       1%          4
 Summon Ice Beast         Ice/Summ       100%       N/A       1%          4
 Alistair's Intoxication  Tmut/Pois      89%        N/A       1%          5
 Arcjolt                  Conj/Air       67%        1d77      1%          5
 Yara's Violent Unravell  Hex/Tmut       67%        3d25      1%          5
 Foxfire                  Conj/Fire      100%       2x1d9     2%          1
 Freeze                   Ice            100%       1d10      2%          1
 Magic Dart               Conj           100%       1d8       2%          1
 Necrotise                Necr           100%       1d9       2%          1
 Sandblast                Erth           100%       2d20      2%          1
 Slow                     Hex            100%       N/A       2%          1
 Ensorcelled Hibernation  Hex/Ice        100%       N/A       2%          2
 Searing Ray              Conj           100%       2d8       2%          2
 Freezing Cloud           Conj/Ice/Air   58%        6-21      2%          5
 Confusing Touch          Hex            54%        N/A       4%          3
 Frozen Ramparts          Ice            100%       1d16      4%          3
 Hailstorm                Conj/Ice       54%        3d12      4%          3
 Inner Flame              Hex/Fire       54%        N/A       4%          3
 Ozocubu's Armour         Ice            54%        N/A       4%          3
 Tukima's Dance           Hex            54%        N/A       4%          3
 Vampiric Draining        Necr           54%        2d9       4%          3
 Anguish                  Hex/Necr       27%        N/A       10%         4
 Animate Dead             Necr           54%        N/A       10%         4
 Dispel Undead            Necr           54%        3d20      10%         4
 Flame Wave               Conj/Fire      54%        2d13      10%         4
 Fulminant Prism          Conj/Hex       27%        3d14      10%         4
 Leda's Liquefaction      Hex/Erth       27%        N/A       10%         4
 Olgreb's Toxic Radiance  Pois           54%        N/A       10%         4
 Sticky Flame             Conj/Fire      54%        2d7       10%         4
 Agony                    Necr           54%        N/A       21%         5
 Borgnjor's Vile Clutch   Necr/Erth      27%        N/A       21%         5
 Fireball                 Conj/Fire      27%        3d12      21%         5
 Conjure Ball Lightning   Conj/Air       67%        3x3d25    2%          6
 Eringya's Noxious Bog    Tmut/Pois      67%        N/A       2%          6
 Plasma Beam              Fire/Air       67%        2x1d91    2%          6
 Statue Form              Tmut/Erth      89%        N/A       2%          6
 Dispersal                Tloc           63%        N/A       4%          6
 Monstrous Menagerie      Summ           70%        N/A       4%          7
 Spellforged Servitor     Conj/Summ      55%        N/A       32%         7
 Necromutation            Tmut/Necr      67%        N/A       34%         8
 Disjunction              Tloc           63%        N/A       52%         8
 Death Channel            Necr           27%        N/A       61%         6
 Simulacrum               Ice/Necr       27%        N/A       61%         6
 Starburst                Conj/Fire      27%        6d9       61%         6
 Enfeeble                 Hex            27%        N/A       98%         7
 Orb of Destruction       Conj           27%        9d9       98%         7
 Ozocubu's Refrigeration  Ice            27%        4d13      98%         7
 Chain Lightning          Conj/Air       67%        3d89      98%         9
 Discord                  Hex            27%        N/A       100%        8
 Ignition                 Fire           27%        3d9       100%        8
 Lehudib's Crystal Spear  Conj/Erth      27%        10d7      100%        8
 Death's Door             Necr           27%        N/A       100%        9
 Fire Storm               Conj/Fire      27%        8d7       100%        9
 Shatter                  Erth           27%        3d23*     100%        9
 Animate Armour           Summ/Erth      Unusable   N/A       N/A         4

Dungeon Overview and Level Annotations

Branches:
Dungeon (15/15)            Temple (1/1) D:4            Lair (5/5) D:8
  Swamp (4/4) Lair:3       Spider (4/4) Lair:3        Slime (5/5) Lair:4
    Orc (2/2) D:11            Elf (3/3) Orc:2        Vaults (5/5) D:13
  Crypt (3/3) Vaults:3       Tomb (1/3) Crypt:3      Depths (4/4) D:15
    Zot (2/5) Depths:4      Sewer (visited)          Bailey (visited)
 WizLab (visited)

Altars:
Ashenzari
Cheibriados
Dithmenos
Elyvilon
Fedhas
Gozag
Hepliaklqana
Kikubaaqudgha
Makhleb
Nemelex Xobeh
Okawaru
Qazlal
Ru
Sif Muna
Trog
Uskayaw
Vehumet
Wu Jian
Xom
Yredelemnul
The Shining One
Jiyva

Shops:
D:2 *   D:11 !=**   Orc:2 *[?!   Elf:2 [   Lair:1 =?=:==:[!*=   Vaults:1 :
Vaults:3 (   Depths:4 =

Portals:
Hell: Depths:1 Depths:2 Depths:3 Depths:4
Abyss: Depths:3 Depths:4
Pandemonium: Depths:2 Depths:3 Depths:4
Ziggurat: Depths:4

Annotations:
Slime:5 Royal Jelly


Innate Abilities, Weirdness & Mutations

You cannot wear most types of armour.
You are amphibious.
You can wear up to eight rings at the same time.
Your skin changes colour to match your surroundings (Stealth+).
Your rubbery body absorbs attacks. (AC +1, EV +1)
((You are camouflaged when in or above water. (Stealth+)))
You have tentacles for arms and can constrict up to eight enemies at once.
You possess an exceptional clarity of mind.
Your body sometimes deteriorates upon taking damage.
You are very frail. (-20% HP)
A frigid envelope surrounds you and freezes all who hurt you.
Your spells are much harder to cast, but much more powerful.
You have acidic saliva.
Your body has grown many eyes which may confuse attackers. (Acc +5)
Armour fits poorly on your massive pseudopods.
You have great hidden genetic potential.
Your melee attacks may engulf your foes in ooze.


Message History

A bolt of dispelling energy appears from out of thin air!
The bolt of dispelling energy misses you.
The purple draconian monk hits you.
The purple draconian monk is very cold.
The purple draconian monk is almost dead.
The purple draconian monk kicks you!
The purple draconian monk is very cold.
The purple draconian monk is almost dead.
The purple draconian monk misses you.
A purple draconian comes into view. It is wielding a +0 mace.
A bolt of dispelling energy appears from out of thin air!
The bolt of dispelling energy misses you.
There is an open door, spattered with blood here.
Things that are here:
a +2 hand axe of flaming; a quicksilver dragon corpse
Casting: Manifold Assault (mildly dangerous; 1% risk of failure)
Confirm with . or Enter, or press ? or * to list all spells.
You turn into a lightning-filled tempest!
The +8 hand axe "Uttarym" {flame, rF+ rN+ Int+3} melds into your body.
The +2 hood of the Assassin {Detect Stab+ Stlth++} melds into your body.
The +8 hand axe "Uttarym" {flame, rF+ rN+ Int+3} stops flaming.
You hear some strange, mumbled words.
A shard of ice appears from out of thin air!
The shard of ice hits you!
The purple draconian monk breathes dispelling energy at you.
The bolt of dispelling energy hits you!!
Your magical effects are unravelling.
You buffet something!
You buffet the purple draconian monk!
You kill the purple draconian monk!
Your transformation has ended.
The +8 hand axe "Uttarym" {flame, rF+ rN+ Int+3} unmelds from your body.
The +2 hood of the Assassin {Detect Stab+ Stlth++} unmelds from your body.
The +8 hand axe "Uttarym" {flame, rF+ rN+ Int+3} bursts into flame!
A bolt of dispelling energy appears from out of thin air!
The bolt of dispelling energy hits you!!!
* * * LOW HITPOINT WARNING * * *
Your body deteriorates!
You feel weakened.
You shudder from the blast and a jelly pops out!
You swap places.
Something hits your quicksilver ooze!!
The purple draconian breathes dispelling energy at you.
The bolt of dispelling energy hits you!!
You die...

*,,,**,....##.#..####..#
**+****.,,##..#### ####
,,,** **###.###.# ,,,,*
###.......# ,,,**
#.###.##.###### ,***
#.............# *****
#############.#
*,,,***,,,*##...##..#
,,,,,*,,,,,#....@#{.#
,,,*,+,*,#.'.#..[J..#
,,,,,*,,,.,#.)d..#.##
*,,,***,,,*##.).##.#
******,,,** ####*### **
**,,,******
,***,,,***,,,**
,,*,,,,,*,,,,,*
*,+,*,*,+,*,,,*


You could see a purple draconian (catching breath) and a friendly quicksilver
ooze (summoned).

Vanquished Creatures
  A dread lich (Vaults:4)
  2 orbs of fire (Zot:1)
  An ancient lich (Zot:1)
  10 royal mummies (Tomb:1)
  Sojobo (Vaults:3)
  7 Killer Klowns (Zot:1)
  2 curse toes
  Margery (Vaults:4)
  A caustic shrike (Depths:2)
  2 bone dragons
  5 golden dragons
  2 electric golems
  A shard shrike zombie (Crypt:3)
  A hellephant (Zot:1)
  10 tentacled monstrosities
  Zenata (Vaults:1)
  Mlioglotl (Swamp:1)
  5 titans
  3 liches
  5 quicksilver dragons
  A walking earthen tome (Depths:2)
  A walking frostbound tome (Depths:2)
  18 acid blobs
  14 ancient champions
  A death cob (Zot:1)
  10 sphinxes
  11 shadow dragons
  Roxanne (Spider:2)
  6 tengu reavers
  4 draconian monks
  5 rockslimes
  9 azure jellies
  2 storm dragons
  8 revenants
  12 frost giants
  3 iron dragons
  7 draconian knights
  4 deep elf sorcerers (Elf:3)
  16 vault wardens
  5 emperor scorpions
  13 fire giants
  2 draconian scorchers (Zot:1)
  A juggernaut zombie (Crypt:2)
  5 ghost moths
  A draconian stormcaller (Depths:4)
  3 curse skulls (Crypt:3)
  An orc warlord (Vaults:2)
  A broodmother (Spider:4)
  16 very ugly things
  2 draconian shifters (Zot:1)
  2 draconian annihilators
  4 quicksilver oozes
  14 ironbound preservers
  2 caustic shrike skeletons
  5 ironbound thunderhulks
  5 war gargoyles
  A juggernaut skeleton (Crypt:2)
  9 ghouls
  10 stone giants
  8 vampire knights
  3 eleionomae
  3 green draconians
  8 black draconians
  4 bennus (Tomb:1)
  A bunyip (Swamp:3)
  10 deep elf annihilators
  10 deep elf demonologists
  6 white draconians
  9 purple draconians
  12 dire elephants
  5 red draconians
  6 yellow draconians
  2 spark wasps
  6 crystal guardians
  8 mummy priests
  14 fire dragons
  A merfolk javelineer (Depths:4)
  2 shambling mangroves
  12 ettins
  3 eidola
  13 yaktaur captains
  A merfolk impaler (Depths:4)
  4 deep elf death magi
  2 entropy weavers
  19 jiangshi
  A quicksilver dragon skeleton (Crypt:2)
  9 deep elf high priests
  6 great orbs of eyes
  6 spriggan zombies
  36 vault guards
  A salamander tyrant (WizLab)
  A rakshasa (Depths:3)
  13 hydras
  A caustic shrike simulacrum (Crypt:3)
  7 ice dragons
  A fenstrider witch zombie (Crypt:3)
  6 peacekeepers
  2 spriggan air magi (Depths:2)
  3 jorogumos
  2 ghost crabs
  3 death knights
  6 ironbound frosthearts
  3 spriggan skeletons
  2 ogre magi
  2 deep troll shamans
  A fenstrider witch skeleton (Tomb:1)
  3 radroaches
  8 two-headed ogres
  10 centaur warriors
  9 dancing weapons
  7 tengu warriors
  3 vampire magi (Crypt:1)
  A titan zombie (Depths:1)
  8 alligators
  5 boulder beetles
  6 spriggan berserkers
  8 deep troll earth magi
  15 hell knights
  8 spriggans
  A storm dragon zombie (Tomb:1)
  A titan skeleton (Crypt:2)
  16 deep elf knights
  An orc high priest (Orc:1)
  3 soul eaters
  3 iron trolls
  28 skeletal warriors
  5 goliath frogs
  A sun moth (Spider:4)
  A sea snake (shapeshifter) (Vaults:4)
  3 glowing orange brains (Slime:4)
  33 deep trolls
  10 orb spiders
  A golden dragon zombie (Crypt:1)
  A golden dragon skeleton (Crypt:2)
  7 bog bodies
  A spriggan druid (Swamp:1)
  9 flayed ghosts
  20 ironbound convokers
  9 deep elf archers
  2 swamp dragons
  2 orange crystal statues (Orc:2)
  10 phantasmal warriors
  4 bunyip skeletons
  4 wizards
  4 steelbarb worms (Spider:4)
  An orc knight (D:15)
  11 lindwurms
  16 deep elf zephyrmancers
  8 necromancers
  An anaconda skeleton (Crypt:2)
  26 ugly things
  20 deep elf pyromancers
  10 shining eyes
  3 cyclopes
  A frost giant zombie (Vaults:2)
  20 wolf spiders
  An orc sorcerer (Orc:2)
  A stone giant zombie (Vaults:2)
  2 iron dragon zombies
  2 manticores
  5 salamanders (WizLab)
  A manticore (shapeshifter) (Vaults:4)
  12 moths of wrath
  A frost giant skeleton (Depths:1)
  2 molten gargoyles (WizLab)
  22 vault sentinels
  5 elephants (Zot:1)
  5 eyes of devastation
  A guardian serpent (shapeshifter) (Vaults:2)
  A cane toad (Lair:5)
  A death yak zombie (Crypt:3)
  An unseen horror zombie (Crypt:3)
  A torpor snail (Spider:4)
  3 demonic crawlers
  A centaur skeleton (Crypt:3)
  A yaktaur zombie (Vaults:2)
  5 gargoyles (WizLab)
  5 freezing wraiths
  A catoblepas zombie (Crypt:2)
  A sea snake zombie (Crypt:2)
  An iron troll zombie (Crypt:1)
  16 guardian mummies
  2 tengu conjurers (Depths:1)
  A polar bear (Lair:5)
  A harpy zombie (Crypt:2)
  2 human skeletons
  3 tyrant leeches
  33 yaktaurs
  2 meliai
  A meliai (shapeshifter) (Elf:3)
  A troll (D:13)
  8 hornets
  A bloated husk (Swamp:4)
  26 tarantellas
  A blink frog (shapeshifter) (Elf:3)
  A jumping spider zombie (Crypt:3)
  2 harpy skeletons
  A culicivora zombie (Crypt:2)
  A boulder beetle zombie (Crypt:3)
  17 jumping spiders
  123 slime creatures
  An ice dragon skeleton (Crypt:2)
  A satyr zombie (Crypt:2)
  19 culicivoras
  16 flying skulls
  2 ushabtiu
  5 humans (Zot:1)
  A basilisk (D:15)
  A spriggan (shapeshifter) (Elf:3)
  4 fire elementals
  7 water elementals
  3 wraiths
  2 ettin skeletons
  16 golden eyes
  A hog (shapeshifter) (Vaults:5)
  47 redbacks
  2 steam dragons (Swamp:4)
  A human simulacrum (Vaults:2)
  A warg (Orc:1)
  A glowing shapeshifter zombie (Vaults:4)
  6 swamp worms
  A nameless horror (D:8)
  An entropy weaver zombie (Crypt:2)
  4 hell hounds (Lair:5)
  6 swamp drakes
  2 water moccasins (Lair:5)
  A naga skeleton (Crypt:2)
  2 orc warriors (Orc:2)
  A water nymph skeleton (Crypt:1)
  A swamp dragon zombie (Crypt:1)
  4 ogres
  3 boggarts (Vaults:2)
  2 wolves (Lair:5)
  A rime drake zombie (Crypt:3)
  A wyvern zombie (Crypt:3)
  2 human zombies
  A bullfrog (Bailey)
  2 necrophages (Crypt:2)
  7 earth elementals
  A salamander skeleton (Crypt:1)
  A polar bear zombie (Crypt:1)
  A yak skeleton (Crypt:2)
  4 electric eels
  4 orc wizards
  2 lightning spires (WizLab)
  A naga zombie (Crypt:2)
  An ice beast zombie (Crypt:3)
  21 mummies
  A river rat (D:3)
  A worm (D:3)
  9 orcs
  5 ball pythons
  3 bats
  3 endoplasms (D:1)
  2 giant cockroaches
  4 goblins
  A hobgoblin (D:1)
  4 jackals
  A frilled lizard (D:2)
  A frilled lizard zombie (Crypt:1)
  A gnoll skeleton (Crypt:1)
  4 kobolds
  4 rats
  3 plants (Elf:3)
1556 creatures vanquished.

Vanquished Creatures (collateral kills)
  Arachne (Spider:3)
  Rupert (D:14)
  Jorgrun (D:12)
  A lich (Vaults:2)
  2 deep elf blademasters (Elf:3)
  Asterion (Elf:1)
  A quicksilver dragon (Vaults:4)
  Kirke (Lair:3)
  2 tengu reavers
  A frost giant (Depths:2)
  2 fire giants (Vaults:4)
  The ghost of Ozxa the Eclecticist, an adept DjCA of Ignis (Swamp:3)
  7 vault wardens
  5 deep elf sorcerers (Elf:3)
  An emperor scorpion (Spider:2)
  A ghost moth (Spider:4)
  A deep elf elementalist (Elf:3)
  Louise (Elf:3)
  An ironbound preserver (Vaults:1)
  5 very ugly things
  2 stone giants (Vaults:4)
  2 deep elf demonologists (Elf:3)
  An ironbound thunderhulk (Vaults:1)
  2 eleionomae
  2 bunyips (Swamp:4)
  A deep elf annihilator (Elf:3)
  A spark wasp (Spider:4)
  2 dire elephants (Vaults:1)
  A crystal guardian (Elf:3)
  Snorg (Orc:1)
  2 ettins
  A shambling mangrove (Swamp:4)
  A deep elf death mage (Elf:3)
  Josephine (D:11)
  2 fire dragons (Swamp:4)
  2 jiangshi (Crypt:1)
  3 mummy priests (Tomb:1)
  3 entropy weavers
  3 yaktaur captains
  5 vault guards
  A spriggan air mage (Swamp:3)
  A deep elf high priest (Elf:3)
  11 hydras
  An ogre mage (Orc:2)
  A ghost crab (Swamp:4)
  A radroach (Spider:2)
  A death knight (D:14)
  6 alligators
  2 ironbound frosthearts (Vaults:3)
  5 boulder beetles
  3 tengu warriors
  3 centaur warriors
  17 dancing weapons
  12 two-headed ogres
  2 deep troll earth magi (Vaults:2)
  A fire crab (Lair:4)
  Sonja (Orc:2)
  4 deep elf knights
  5 hell knights (Vaults:4)
  6 skeletal warriors
  3 deep trolls
  A goliath frog (Swamp:3)
  6 orb spiders
  4 steelbarb worms
  3 swamp dragons
  3 lindwurms (Swamp:4)
  4 wizards
  7 ironbound convokers
  3 deep elf zephyrmancers
  2 orange crystal statues (Orc:2)
  5 wolf spiders
  A necromancer (Vaults:4)
  A mana viper (shapeshifter) (Vaults:4)
  4 deep elf pyromancers
  4 cyclopes
  3 orc sorcerers
  2 orc knights
  2 manticores
  9 ugly things
  3 will-o-the-wisps
  4 vault sentinels
  A moth of wrath (Spider:4)
  2 black mambas
  2 torpor snails
  3 demonic crawlers
  An unseen horror (D:11)
  2 gargoyles
  9 cane toads
  3 rime drakes
  7 komodo dragons
  8 yaktaurs
  A kobold demonologist (D:13)
  11 trolls
  The ghost of hollowman the Shooter, an amateur MiHu (D:5)
  8 meliai
  10 polar bears
  A polar bear (shapeshifter) (D:13)
  Prince Ribbit (Bailey)
  8 blink frogs
  8 tarantellas
  10 hornets
  2 raiju (Lair:5)
  9 dream sheep
  9 jumping spiders
  17 slime creatures
  7 culicivoras
  3 flying skulls (Crypt:1)
  3 shadows
  A water elemental (Elf:1)
  3 spriggans
  3 wyverns
  53 yaks
  5 wraiths
  Grum (D:10)
  A basilisk (shapeshifter) (D:15)
  4 basilisks
  2 humans (Bailey)
  14 redbacks
  3 vampire mosquitoes (D:14)
  2 steam dragons (Swamp:4)
  4 hogs (Lair:3)
  Menkaure (D:4)
  4 wargs (Lair:5)
  5 swamp worms
  2 acid dragons
  11 hell hounds (Lair:5)
  12 water moccasins
  9 swamp drakes
  12 orc warriors
  2 sky beasts
  11 black bears (Lair:5)
  18 ogres
  33 wolves
  A centaur (D:11)
  6 kobold brigands
  11 bullfrogs
  A gnoll sergeant (D:9)
  A scorpion (D:5)
  5 wights
  13 killer bees
  An electric eel (Lair:3)
  A nameless horror (D:5)
  3 howler monkeys
  15 orc priests
  2 hounds
  3 jellies
  5 iguanas
  2 sleepcaps
  9 orc wizards
  A mummy (D:9)
  7 gnolls
  4 adders
  2 shadow imps
  2 white imps
  A worm (D:4)
  2 dart slugs
  45 orcs
  5 ball pythons
  4 endoplasms
  2 giant cockroaches (Sewer)
  9 goblins
  4 hobgoblins
  4 jackals
  3 quokkas (D:1)
  5 bats
  4 frilled lizards
  35 kobolds
  2 rats
  A spectral kobold (D:2)
817 creatures vanquished.

Vanquished Creatures (others)
  A draconian knight (Zot:1)
  A deep elf elementalist (Elf:3)
  A very ugly thing (Depths:4)
  A war gargoyle (Vaults:5)
  A hydra (Lair:5)
  2 vault guards (Bailey)
  A dancing weapon (Elf:2)
  A hell knight (Depths:2)
  2 skeletal warriors
  3 glowing orange brains
  2 swamp dragons (Swamp:4)
  A wizard (D:15)
  An ugly thing (Vaults:1)
  A necromancer (Depths:3)
  A slime creature (D:14)
  A tyrant leech (Swamp:3)
  2 trolls (Orc:2)
  A bloated husk (Swamp:2)
  A blink frog (Lair:1)
  A jumping spider (Spider:1)
  A yak (D:11)
  4 humans (Bailey)
  A swamp drake (Swamp:4)
  2 orc warriors
  2 ogres (Orc:2)
  A snapping turtle skeleton (Crypt:2)
  2 wights (D:8)
  104 jellies
  2 orcs
  11 foxfires
  53 fungi
  102 plants
  19 snaplasher vines
330 creatures vanquished.

Grand Total: 2703 creatures vanquished

Notes
Turn   | Place    | Note
-------+----------+-------------------------------------------
     0 | D:1      | cforsyth the Octopode Summoner began the quest for the Orb.
     0 | D:1      | Reached XP level 1. HP: 11/11 MP: 3/3
   215 | D:1      | Reached XP level 2. HP: 17/17 MP: 1/5
   732 | D:1      | Reached XP level 3. HP: 21/21 MP: 6/6
  1149 | D:2      | Found Fum Rumn's Assorted Antiques.
  1167 | D:2      | Learned a level 2 spell: Call Imp
  1171 | D:2      | Learned a level 3 spell: Call Canine Familiar
  1214 | D:2      | Found a faded altar of an unknown god.
  1376 | D:2      | Found a sparkling altar of Nemelex Xobeh.
  1955 | D:3      | Reached XP level 4. HP: 27/27 MP: 5/8
  1975 | D:3      | Reached skill level 5 in Summonings
  2009 | D:3      | You fall into a shaft and drop 2 floors!
  2009 | D:5      | Entered Level 5 of the Dungeon
  2043 | D:5      | Found a runed translucent gate.
  2200 | D:3      | Reached XP level 5. HP: 18/31 MP: 0/10
  2266 | D:3      | Found a glowing drain.
  2270 | Sewer    | Entered a sewer
  2620 | Sewer    | Noticed a kobold brigand
  2640 | Sewer    | Killed a kobold brigand
  2863 | Sewer    | Noticed a kobold brigand
  2877 | Sewer    | Killed a kobold brigand
  2878 | Sewer    | Reached XP level 6. HP: 36/36 MP: 10/12
  3685 | D:3      | Found a shimmering altar of Xom.
  4211 | D:4      | Reached XP level 7. HP: 41/41 MP: 7/14
  4215 | D:4      | Learned a level 3 spell: Summon Guardian Golem
  4220 | D:4      | Learned a level 4 spell: Summon Lightning Spire
  4279 | D:4      | Noticed Menkaure
  4292 | D:4      | Killed Menkaure
  4293 | D:4      | Reached skill level 5 in Spellcasting
  4293 | D:4      | Reached skill level 1 in Air Magic
  4369 | D:4      | Found a staircase to the Ecumenical Temple.
  4383 | Temple   | Entered the Ecumenical Temple
  4477 | Temple   | Became a worshipper of Gozag Ym Sagoz the Greedy
  5186 | D:5      | Found a runed translucent gate.
  5186 | D:5      | Found a runed translucent gate.
  5186 | D:5      | Noticed hollowman's ghost (amateur MiHu)
  5413 | D:5      | Reached XP level 8. HP: 46/46 MP: 9/16
  7320 | D:7      | Identified the +2 leather armour "Kogeahorr" {rF+ Regen+
                  | MP+9 Int-5}
  7556 | D:7      | Reached XP level 9. HP: 51/51 MP: 19/19
  8216 | D:8      | Found a staircase to the Lair.
  8537 | D:8      | Found a flagged portal.
  8548 | Bailey   | Entered a bailey
  8808 | Bailey   | Noticed Prince Ribbit
  8812 | Bailey   | Reached skill level 10 in Summonings
  8820 | Bailey   | Killed Prince Ribbit
  8821 | Bailey   | Reached XP level 10. HP: 44/56 MP: 3/23
  9036 | Bailey   | Noticed a vault guard
  9049 | Bailey   | Killed a vault guard
  9178 | Bailey   | Noticed a vault guard
  9191 | Bailey   | Killed a vault guard
  9464 | Bailey   | Learned a level 6 spell: Summon Cactus Giant
 10107 | D:8      | Reached skill level 10 in Spellcasting
 10493 | D:8      | Learned a level 5 spell: Summon Forest
 10499 | D:8      | Learned a level 5 spell: Summon Mana Viper
 11406 | D:9      | Reached XP level 11. HP: 56/61 MP: 14/25
 11487 | D:9      | Noticed a two-headed ogre
 11497 | D:9      | Killed a two-headed ogre
 11622 | D:9      | Found a blossoming altar of Fedhas.
 11672 | D:9      | Found an ornate altar of the Wu Jian Council.
 11741 | D:9      | Found a snail-covered altar of Cheibriados.
 12096 | D:5      | Killed hollowman's ghost
 12297 | D:10     | Entered Level 10 of the Dungeon
 12368 | D:10     | Noticed a two-headed ogre
 12382 | D:10     | Killed a two-headed ogre
 12880 | D:10     | Noticed a two-headed ogre
 12884 | D:10     | Killed a two-headed ogre
 13310 | D:10     | Noticed Grum
 13322 | D:10     | Killed Grum
 13914 | D:11     | Reached skill level 1 in Fighting
 13953 | D:11     | Noticed Josephine
 13958 | D:11     | Killed Josephine
 14017 | D:11     | Reached XP level 12. HP: 70/72 MP: 6/27
 14123 | D:11     | Found a staircase to the Orcish Mines.
 14369 | D:11     | Found Qouruathi's Distillery.
 14373 | D:11     | Identified the +8 hand axe "Uttarym" {flame, rF+ rN+ Int+3}
 14487 | D:11     | Found Vecwaa's Jewellery Emporium.
 14489 | D:11     | Noticed a two-headed ogre
 14499 | D:11     | Killed a two-headed ogre
 14621 | D:11     | Found Umnube's Assorted Antiques.
 14656 | D:11     | Bought a scroll labelled HUMNUO FASAKKE for 27 gold pieces
 14656 | D:11     | Bought a scroll labelled ZEXYGGA TUPIUSK for 27 gold pieces
 14852 | D:2      | Bought a sapphire potion for 21 gold pieces
 14852 | D:2      | Bought a scroll labelled QUFE ZOUJINT for 24 gold pieces
 14852 | D:2      | Bought a scroll labelled XEPEFA VECW for 24 gold pieces
 14852 | D:2      | Bought a scroll labelled ZEXYGGA TUPIUSK for 24 gold pieces
 14852 | D:2      | Bought a scroll labelled ZUDWEUGIWU for 24 gold pieces
 15144 | D:11     | Reached skill level 5 in Dodging
 15171 | D:11     | Reached skill level 5 in Fighting
 15293 | D:11     | Found Muptuc's Assorted Antiques.
 15562 | D:11     | Noticed a boulder beetle
 15569 | D:11     | Killed a boulder beetle
 15812 | D:12     | Noticed a two-headed ogre
 15819 | D:12     | Killed a two-headed ogre
 15946 | D:12     | Noticed Jorgrun
 15958 | D:12     | HP: 1/77 [Jorgrun/staff of earth (21)]
 15961 | D:12     | Killed Jorgrun
 16369 | D:12     | Noticed a two-headed ogre
 16378 | D:12     | Killed a two-headed ogre
 17480 | Lair:1   | Entered Level 1 of the Lair of Beasts
 17484 | Lair:1   | Bought the ring "Mapehig" {rPois rF- MP+9 Str-2 Int+6} for
                  | 554 gold pieces
 17484 | Lair:1   | Bought the ring "Reseahum" {rF+ Int+7} for 793 gold pieces
 17552 | Lair:1   | Reached skill level 1 in Transmutations
 18348 | Lair:1   | Reached XP level 13. HP: 84/86 MP: 24/28
 18812 | Lair:1   | Acquired 934 gold pieces
 18823 | Lair:1   | Learned a level 7 spell: Storm Form
 18840 | Lair:1   | Bought the ring of Geblil {Wiz Will+ Int+3} for 831 gold
                  | pieces
 18903 | Lair:2   | Reached skill level 5 in Air Magic
 19244 | Lair:2   | Reached skill level 5 in Transmutations
 20413 | Lair:3   | Noticed Kirke
 20419 | Lair:3   | Killed Kirke
 20473 | Lair:3   | Identified the staff of fire "Ojuusew" {rF+ Stlth+}
 20589 | Lair:3   | Identified the +6 long sword "Dyolye" {drain, Int+2}
 20661 | Lair:3   | Found a hole to the Spider Nest.
 20802 | Lair:3   | Found a staircase to the Swamp.
 21583 | Lair:4   | Got the Tome of Slime
 22244 | Lair:4   | Identified the +6 ring mail of the World {Will+}
 22469 | Lair:4   | Found a staircase to the Slime Pits.
 22742 | Lair:5   | Entered Level 5 of the Lair of Beasts
 22749 | Lair:5   | Reached XP level 14. HP: 55/92 MP: 16/30
 23352 | Lair:5   | Reached skill level 10 in Air Magic
 23505 | Lair:5   | Reached skill level 10 in Transmutations
 24335 | Orc:1    | Entered Level 1 of the Orcish Mines
 24448 | Orc:2    | Entered Level 2 of the Orcish Mines
 24510 | Orc:2    | Found a runed translucent door.
 24558 | Orc:2    | Found the +10 tower shield of Ignorance {rN+ Int-4}
 24616 | Orc:2    | Noticed Sonja
 24632 | Orc:2    | Killed Sonja
 24698 | Orc:2    | Reached XP level 15. HP: 62/97 MP: 14/31
 24891 | Orc:2    | Found Nintynal's Distillery.
 24937 | Orc:2    | Found Aveaj's Magic Scroll Emporium.
 24942 | Orc:2    | Found Imul Xia's Armour Shop.
 24951 | Orc:2    | Found Laasit's General Store.
 24983 | Orc:2    | Found a runed translucent door.
 25175 | Orc:2    | Found a staircase to the Elven Halls.
 25260 | Orc:1    | Noticed Snorg
 25972 | Orc:1    | Killed Snorg
 26301 | D:13     | Reached skill level 1 in Unarmed Combat
 26579 | D:13     | Found a gate to the Vaults.
 27435 | D:14     | Noticed Rupert
 27448 | D:14     | Killed Rupert
 27817 | D:14     | Reached XP level 16. HP: 106/106 MP: 27/32
 27958 | D:14     | Found a shadowy altar of Dithmenos.
 28155 | D:15     | Entered Level 15 of the Dungeon
 28508 | D:15     | Reached skill level 5 in Unarmed Combat
 28820 | D:15     | Found a staircase to the Depths.
 29765 | Swamp:1  | Entered Level 1 of the Swamp
 29792 | Swamp:1  | Noticed Mlioglotl
 29816 | Swamp:1  | Killed Mlioglotl
 30617 | Swamp:2  | Noticed a tentacled monstrosity
 30625 | Swamp:2  | Killed a tentacled monstrosity
 30986 | Swamp:2  | Reached skill level 10 in Dodging
 31110 | Swamp:2  | Reached skill level 10 in Fighting
 31655 | Swamp:3  | Reached XP level 17. HP: 97/116 MP: 15/33
 31823 | Swamp:3  | Noticed a tentacled monstrosity
 31832 | Swamp:3  | Killed a tentacled monstrosity
 32596 | Swamp:3  | Found a runed translucent door.
 32598 | Swamp:3  | Noticed Ozxa's ghost (adept DjCA)
 32633 | Swamp:3  | Killed Ozxa's ghost
 32698 | Swamp:4  | Entered Level 4 of the Swamp
 34697 | Swamp:4  | Got a decaying rune of Zot
 35244 | Spider:1 | Entered Level 1 of the Spider Nest
 35348 | Spider:1 | You are sucked into a shaft and drop 1 floor!
 35398 | Spider:2 | Reached skill level 10 in Unarmed Combat
 35468 | Spider:1 | Reached XP level 18. HP: 126/126 MP: 26/34
 36232 | Spider:2 | Identified Roxanne's Anthology of the Lithosphere
 36232 | Spider:2 | Noticed Roxanne
 36248 | Spider:2 | Killed Roxanne
 37730 | Spider:3 | Noticed Arachne
 38001 | Spider:3 | Killed Arachne
 38775 | Spider:4 | Entered Level 4 of the Spider Nest
 39485 | Spider:4 | Reached XP level 19. HP: 132/135 MP: 1/35
 39696 | Spider:4 | Identified the +2 robe "Trusted Companion" {rCorr SInv}
 39753 | Spider:4 | Identified the ring of Vodka {*Corrode rPois rC+ Dex+6}
 40509 | Spider:4 | Got a gossamer rune of Zot
 41105 | Vaults:1 | Entered Level 1 of the Vaults
 41105 | Vaults:1 | Found Josir's Book Shoppe.
 42035 | Vaults:1 | Reached skill level 15 in Dodging
 42345 | Vaults:1 | Noticed Zenata
 42370 | Vaults:1 | Killed Zenata
 42371 | Vaults:1 | Reached skill level 15 in Fighting
 43100 | Vaults:1 | Identified the ring of Fuocyle {rN+ Will+ MP+9 Str-3}
 43905 | Vaults:2 | Noticed a tentacled monstrosity
 43910 | Vaults:2 | Killed a tentacled monstrosity
 43966 | Vaults:2 | Reached XP level 20. HP: 142/146 MP: 36/36
 44599 | Vaults:2 | Found a transporter.
 44643 | Vaults:2 | Found a transporter.
 46160 | Vaults:2 | Identified the +7 rapier of Responsibility {heavy, Will+}
 46179 | Vaults:2 | Identified the ring "Patium" {Wiz Int+2 Dex+4}
 46186 | Vaults:2 | Identified the ring "Sih Noul" {+Blink rN+ Int+6}
 46897 | Vaults:3 | Reached skill level 15 in Unarmed Combat
 47118 | Vaults:3 | Found a staircase to the Crypt.
 47843 | Vaults:3 | Reached XP level 21. HP: 147/154 MP: 37/37
 47902 | Vaults:3 | Learned a level 4 spell: Manifold Assault
 48111 | Vaults:3 | Noticed Sojobo
 48124 | Vaults:3 | Paralysed by an air elemental for 1 turns
 48132 | Vaults:3 | Killed Sojobo
 48133 | Vaults:3 | Reached skill level 1 in Translocations
 48424 | Vaults:3 | Found Wore's Antique Weapon Shop.
 48800 | Vaults:4 | Found a huge runed gate.
 48800 | Vaults:4 | Found a huge runed gate.
 48800 | Vaults:4 | Found a huge runed gate.
 48800 | Vaults:4 | Found a huge runed gate.
 48800 | Vaults:4 | Found a huge runed gate.
 48800 | Vaults:4 | Found a huge runed gate.
 48800 | Vaults:4 | Found a huge runed gate.
 48801 | Vaults:4 | Found a huge runed gate.
 48801 | Vaults:4 | Found a huge runed gate.
 48801 | Vaults:4 | Found a huge runed gate.
 48807 | Vaults:4 | Found a huge runed gate.
 48807 | Vaults:4 | Found a huge runed gate.
 48807 | Vaults:4 | Found a huge runed gate.
 48807 | Vaults:4 | Found a huge runed gate.
 48807 | Vaults:4 | Found a huge runed gate.
 48807 | Vaults:4 | Found a huge runed gate.
 48808 | Vaults:4 | Found a huge runed gate.
 48818 | Vaults:4 | Found a huge runed gate.
 48819 | Vaults:4 | Found a huge runed gate.
 48828 | Vaults:4 | Found a huge runed gate.
 48828 | Vaults:4 | Found a huge runed gate.
 48828 | Vaults:4 | Found a huge runed gate.
 48828 | Vaults:4 | Found a huge runed gate.
 48828 | Vaults:4 | Found a huge runed gate.
 48828 | Vaults:4 | Found a huge runed gate.
 48828 | Vaults:4 | Found a huge runed gate.
 48832 | Vaults:4 | Found a huge runed gate.
 48834 | Vaults:4 | Found a huge runed gate.
 49708 | Vaults:4 | Noticed Margery
 49850 | Vaults:4 | Killed Margery
 51156 | Vaults:4 | Found a huge runed gate.
 51156 | Vaults:4 | Found a huge runed gate.
 51156 | Vaults:4 | Found a huge runed gate.
 51156 | Vaults:4 | Found a huge runed gate.
 51156 | Vaults:4 | Found a huge runed gate.
 51157 | Vaults:4 | Found a huge runed gate.
 51158 | Vaults:4 | Found a huge runed gate.
 51159 | Vaults:4 | Found a huge runed gate.
 51338 | Vaults:4 | Got Sif Muna's Catalogue of the Tincture
 51702 | Elf:1    | Entered Level 1 of the Elven Halls
 51727 | Elf:1    | Noticed Asterion
 51735 | Elf:1    | Killed Asterion
 52215 | Elf:1    | Reached skill level 5 in Translocations
 53283 | Elf:2    | Found a huge runed translucent gate.
 53285 | Elf:2    | Found a huge runed translucent gate.
 53285 | Elf:2    | Found a huge runed translucent gate.
 53287 | Elf:2    | Found a huge runed translucent gate.
 53287 | Elf:2    | Found a huge runed translucent gate.
 53548 | Elf:2    | Found Kyeclufu's Antique Armour Shop.
 54039 | Elf:2    | Reached XP level 22. HP: 140/164 MP: 37/38
 54723 | Elf:3    | Entered Level 3 of the Elven Halls
 54745 | Elf:3    | Found an ancient bone altar of Kikubaaqudgha.
 56213 | Elf:3    | Identified the +11 dagger of Hubris {freeze, Drain +Blink
                  | rN+ Will+}
 56213 | Elf:3    | Noticed Louise
 56230 | Elf:3    | Killed Louise
 56279 | Elf:3    | Identified the +1 rapier of Brutal Revenge {venom, rN+}
 56774 | Elf:3    | Got Qiethrapu's Quarto of Earth and the Arsonist
 56787 | Elf:3    | Got the Discursus on Breezy Transmigration
 56790 | Elf:3    | Identified the ring "Umipevuot" {rElec Dex+6 SInv}
 56814 | Elf:3    | Got the Opusculum on the Crystalline Tempest
 56820 | Elf:3    | Got Sif Muna's Papyrus of the Spectral Volcano
 56835 | Elf:3    | Learned a level 8 spell: Maxwell's Capacitive Coupling
 57509 | Vaults:2 | Identified the +9 glaive "Xorghiuma" {speed, MP+9 Str+3}
 57650 | Vaults:5 | Entered Level 5 of the Vaults
 57925 | Vaults:5 | Noticed a golden dragon
 57938 | Vaults:5 | Identified the +9 broad axe of the Philosopher {heavy, rC+
                  | Int+3 Dex+5 Stlth-}
 57955 | Vaults:5 | Identified the +4 flail of Cheibriados's Esteem {spect, rF+
                  | rCorr Stlth+}
 57978 | Vaults:5 | Identified the ring "Doed" {rN+ MP+9 Str+2 Int+3}
 57982 | Vaults:5 | Identified the +1 demon whip of Joyful Slaughter {vamp, rN+
                  | rCorr}
 58004 | Vaults:5 | Identified the staff of poison "Focechy" {Fragile rPois
                  | rF++ Str+6}
 58059 | Vaults:5 | Killed a golden dragon
 58246 | Vaults:5 | Noticed a dread lich
 58475 | Vaults:4 | Reached XP level 23. HP: 135/172 MP: 39/39
 58632 | Vaults:5 | Identified the staff of death "Qirph" {rN+ Will- Str+2
                  | Dex+7 SInv}
 61311 | Vaults:4 | Killed a dread lich
 61908 | Vaults:4 | Reached skill level 10 in Translocations
 63788 | Vaults:5 | Identified the +10 long sword of Fury {pain, +Blink rN+
                  | Will++ Dex-4}
 64044 | Vaults:5 | Identified the +8 flail of Context {venom, rF++ rC- Int+3
                  | Dex+3}
 65378 | Vaults:5 | Identified the staff of cold "Dibu Cun" {rC+ Int+2 SInv}
 65628 | Vaults:5 | Identified the amulet of Xocluafo {rF+ Regen+ Slay+3
                  | Stlth+}
 65660 | Vaults:5 | Got a silver rune of Zot
 65947 | Vaults:5 | Identified the +1 robe of Jiat {Harm rC+++ Stlth-}
 66635 | Slime:1  | Entered Level 1 of the Pits of Slime
 69436 | Slime:3  | Reached skill level 15 in Air Magic
 70158 | Slime:4  | Reached XP level 24. HP: 180/180 MP: 37/39
 70630 | Slime:4  | Reached skill level 15 in Transmutations
 70949 | Slime:5  | Entered Level 5 of the Pits of Slime
 71279 | Slime:5  | Noticed the Royal Jelly
 72355 | Slime:5  | Gained mutation: You are frail. (-10% HP) [a shining eye]
 73604 | Slime:5  | Found the +2 hood of the Assassin {Detect Stab+ Stlth++}
 73607 | Slime:5  | Found a viscous altar of Jiyva.
 73818 | Lair:1   | Bought the dreamshard necklace {*Dream Drain} for 2600 gold
                  | pieces
 73818 | Lair:1   | Found the dreamshard necklace {*Dream Drain}
 73829 | Lair:1   | Bought the ring of Shadows {Umbra +Inv Stlth+} for 600 gold
                  | pieces
 73829 | Lair:1   | Found the ring of Shadows {Umbra +Inv Stlth+}
 73834 | Lair:1   | Bought the ring of Balance {Fly rCorr Int-2 Dex+4 Slay+5}
                  | for 1031 gold pieces
 74051 | Slime:5  | Fell from the grace of Gozag
 74051 | Slime:5  | Became a worshipper of Jiyva Jete the Shapeless
 74496 | Crypt:1  | Entered Level 1 of the Crypt
 75556 | Crypt:1  | Identified the +1 robe of the Apothecary {+Inv rC- Str+6
                  | SInv}
 75792 | Crypt:1  | Reached * piety under Jiyva
 76094 | Crypt:1  | Found an ancient bone altar of Kikubaaqudgha.
 76776 | Crypt:2  | Reached XP level 25. HP: 162/167 MP: 39/39
 76848 | Crypt:2  | Reached ** piety under Jiyva
 76872 | Crypt:2  | Identified the +0 falchion of Experimentation {holy, rN+}
 77367 | Crypt:3  | Entered Level 3 of the Crypt
 77439 | Crypt:3  | Reached *** piety under Jiyva
 77462 | Crypt:3  | Gained mutation: You are partially covered in iridescent
                  | scales. (AC +2) [Jiyva's grace]
 77462 | Crypt:3  | Gained mutation: You are mostly covered in iridescent
                  | scales. (AC +4) [Jiyva's grace]
 77462 | Crypt:3  | Gained mutation: You are completely covered in iridescent
                  | scales. (AC +6) [Jiyva's grace]
 77462 | Crypt:3  | Gained mutation: A frigid envelope surrounds you and
                  | freezes all who hurt you. [Jiyva's grace]
 77829 | Crypt:3  | Found an ancient bone altar of Kikubaaqudgha.
 77835 | Crypt:3  | Found a basalt altar of Yredelemnul.
 78079 | Crypt:3  | Got Gloorx Vloq's Information on Iniquitous Acts
 78082 | Crypt:3  | Identified the ring "Habyorih" {+Blink rElec rPois rN+
                  | Dex+6}
 78082 | Crypt:3  | Identified the ring "Puepte Dogh" {rElec rN+ Int+2 Dex-3}
 78085 | Crypt:3  | Identified the +0 pair of gloves of the Barracuda {Rampage
                  | *Corrode rPois Str-5}
 78123 | Crypt:3  | Identified the +1 dagger of Diet Blood {flame, *Noise rN++
                  | Dex+4}
 78124 | Crypt:3  | Identified the staff of death "Jukestox" {Fragile rN+
                  | Will+++ rCorr Dex+2}
 78495 | Crypt:3  | Reached **** piety under Jiyva
 78605 | Crypt:3  | Found a staircase to the Tomb.
 78794 | Tomb:1   | Entered Level 1 of the Tomb of the Ancients
 78960 | Tomb:1   | Noticed a royal mummy
 79029 | Tomb:1   | Noticed a royal mummy
 79043 | Tomb:1   | Killed a royal mummy
 79047 | Tomb:1   | Noticed a royal mummy
 79055 | Tomb:1   | Killed a royal mummy
 79172 | Tomb:1   | Noticed a royal mummy
 79181 | Tomb:1   | Killed a royal mummy
 79283 | Tomb:1   | Killed a royal mummy
 79288 | Tomb:1   | Noticed a royal mummy
 79288 | Tomb:1   | Noticed a royal mummy
 79294 | Tomb:1   | Killed a royal mummy
 79296 | Tomb:1   | Killed a royal mummy
 79338 | Tomb:1   | Noticed a royal mummy
 79339 | Tomb:1   | Noticed a royal mummy
 79653 | Tomb:1   | Lost mutation: You are completely covered in iridescent
                  | scales. (AC +6) [Jiyva's grace]
 79653 | Tomb:1   | Lost mutation: You are frail. (-10% HP) [Jiyva's grace]
 79653 | Tomb:1   | Gained mutation: Armour fits poorly on your pseudopods.
                  | [Jiyva's grace]
 79653 | Tomb:1   | Gained mutation: Armour fits poorly on your large
                  | pseudopods. [Jiyva's grace]
 79653 | Tomb:1   | Gained mutation: Armour fits poorly on your massive
                  | pseudopods. [Jiyva's grace]
 79653 | Tomb:1   | Gained mutation: You are covered in fur. (AC +1) [Jiyva's
                  | grace]
 79684 | Tomb:1   | Reached ***** piety under Jiyva
 79729 | Tomb:1   | Noticed a royal mummy
 79742 | Tomb:1   | Killed a royal mummy
 79976 | Tomb:1   | Noticed a royal mummy
 79987 | Tomb:1   | Killed a royal mummy
 80036 | Tomb:1   | Noticed a royal mummy
 80042 | Tomb:1   | Killed a royal mummy
 80186 | Tomb:1   | Noticed a royal mummy
 80193 | Tomb:1   | Killed a royal mummy
 80836 | Depths:1 | Entered Level 1 of the Depths
 80845 | Depths:1 | Reached XP level 26. HP: 193/193 MP: 39/39
 81219 | Depths:1 | Found a blossoming altar of Fedhas.
 81892 | Depths:1 | Found a gateway to Hell.
 82437 | Depths:2 | Was forgiven by Gozag
 82471 | Depths:2 | Lost mutation: You are mostly covered in iridescent scales.
                  | (AC +4) [Jiyva's grace]
 82471 | Depths:2 | Lost mutation: Armour fits poorly on your massive
                  | pseudopods. [Jiyva's grace]
 82471 | Depths:2 | Gained mutation: Your body has grown eyes which may confuse
                  | attackers. (Acc +3) [Jiyva's grace]
 82471 | Depths:2 | Gained mutation: Your body has grown many eyes which may
                  | confuse attackers. (Acc +5) [Jiyva's grace]
 82471 | Depths:2 | Gained mutation: Your body is covered in eyes which may
                  | confuse attackers. (Acc +7, SInv) [Jiyva's grace]
 82471 | Depths:2 | Gained mutation: Your melee attacks may engulf your foes in
                  | ooze. [Jiyva's grace]
 82524 | Depths:2 | Found a one-way gate leading to the halls of Pandemonium.
 83575 | Depths:3 | Reached ****** piety under Jiyva
 84453 | Depths:3 | Found a one-way gate to the infinite horrors of the Abyss.
 84507 | Depths:3 | Identified the +6 morningstar "Qeggairy" {heavy, Str+2}
 85162 | Slime:5  | Identified the +2 robe of Nuerph {SInv}
 85192 | Slime:5  | Got the Exposition on Maleficia
 85250 | Slime:5  | Got a slimy rune of Zot
 85322 | Slime:5  | Identified the staff of conjuration "Zofodil" {rC- rN+++
                  | Int+3 Dex-3}
 85975 | Depths:4 | Entered Level 4 of the Depths
 86105 | Depths:4 | Lost mutation: You are partially covered in iridescent
                  | scales. (AC +2) [Jiyva's grace]
 86105 | Depths:4 | Lost mutation: You are covered in fur. (AC +1) [Jiyva's
                  | grace]
 86105 | Depths:4 | Lost mutation: Your body is covered in eyes which may
                  | confuse attackers. (Acc +7, SInv) [Jiyva's grace]
 86105 | Depths:4 | Gained mutation: Armour fits poorly on your massive
                  | pseudopods. [Jiyva's grace]
 86105 | Depths:4 | Gained mutation: Your spells are a little harder to cast,
                  | but a little more powerful. [Jiyva's grace]
 86105 | Depths:4 | Gained mutation: Your spells are harder to cast, but more
                  | powerful. [Jiyva's grace]
 86105 | Depths:4 | Gained mutation: Your spells are much harder to cast, but
                  | much more powerful. [Jiyva's grace]
 86109 | Depths:4 | Found a one-way gateway to a ziggurat.
 86121 | Depths:4 | Found Ruzaoku's Jewellery Boutique.
 86302 | Depths:4 | Found a magical portal.
 86311 | WizLab   | Entered Maxwell's Workshop
 86547 | WizLab   | Reached XP level 27. HP: 198/198 MP: 39/39
 86709 | WizLab   | Identified the ring of Bodily Harmony {Fire Str+3 Dex+3}
 86725 | WizLab   | Identified the ring of Hiseh {Ice Int+6 Dex+4}
 86790 | WizLab   | Identified the +5 dagger of Ezua {pain, rElec}
 86793 | WizLab   | Identified the +3 ring mail of Inviolability {rElec Int+3}
 87229 | Depths:4 | Found a gate to the Realm of Zot.
 87353 | Depths:4 | Bought the ring of Deafuu {rF+ MP+9 Str+6} for 652 gold
                  | pieces
 87646 | Zot:1    | Entered Level 1 of the Realm of Zot
 88711 | Zot:1    | Noticed an orb of fire
 88717 | Zot:1    | Gained mutation: You are frail. (-10% HP) [an orb of fire]
 88718 | Zot:1    | Killed an orb of fire
 88867 | Zot:1    | Gained mutation: You have hidden genetic potential.
                  | [Jiyva's grace]
 88867 | Zot:1    | Gained mutation: You have great hidden genetic potential.
                  | [Jiyva's grace]
 88867 | Zot:1    | Gained mutation: You possess an exceptional clarity of
                  | mind. [Jiyva's grace]
 88867 | Zot:1    | Gained mutation: You have acidic saliva. [Jiyva's grace]
 89497 | Zot:1    | Noticed an ancient lich
 89513 | Zot:1    | Killed an ancient lich
 89530 | Zot:1    | Noticed an orb of fire
 89531 | Zot:1    | Gained mutation: Your body sometimes deteriorates upon
                  | taking damage. [an orb of fire]
 89533 | Zot:1    | Gained mutation: You are very frail. (-20% HP) [an orb of
                  | fire]
 89548 | Zot:1    | Killed an orb of fire
 90194 | Zot:2    | Killed from afar by a purple draconian

Illustrated notes

Levels and vault maps discovered:
D:1:      enne_arrival_octagon_isle, layout_basic
D:2:      layout_basic, basic_altar, dreamdust_ecumenical_altar_drowned_temple,
          serial_shops, nicolae_shop_crystal, grunt_decor_mini_mirrors
D:3:      layout_rooms, tgw_xom, gup_sewer_entry_bowl, kennysheep_flooded_box,
          minmay_misc_feat_ornament
D:4:      layout_basic, temple_statues, uniq_menkaure
D:5:      layout_cave_pools, ebering_ghost_rock_garden,
          lightli_ossuary_entry_decrepit_ruins, hangedman_glass_teeth
D:6:      layout_loops_ring
D:7:      layout_loops_cross
D:8:      layout_gridville, dpeg_oklobed_lair, enter_bailey_4,
          minmay_misc_feat_plants
D:9:      layout_loops_cross, chei_slow_surprise,
          mainiacjoe_overflow_large_starburst
D:10:     layout_grid_maze, uniq_grum
D:11:     layout_loops_ring, orc_0_dummy, serial_shops,
          nicolae_shop_behind_doors, nicolae_shop_stone,
          nicolae_shop_hallway_plus, nicolae_shop_crystal, uniq_josephine
D:12:     layout_grid_maze, hangedman_abyss_or_decor_slice, uniq_jorgrun
D:13:     layout_roguey, lightli_vaults_fourway_checkpoint, serial_glass,
          glass_columns_b, glass_columns_a
D:14:     layout_big_octagon, grunt_dithmenos_shadows, uniq_rupert
D:15:     hangedman_depths_entry_civil_slaughter, layout_basic,
          chequers_serial_rivers_micro_b
Temple:   regret_index_temple_mists
Lair:1:   layout_roguey, minivault_24
Lair:2:   layout_gridlike, nzn_sisyphean_effort, grunt_megastairs_1
Lair:3:   layout_regular_city, swamp_mist, hellmonk_spider_entry_life_and_decay,
          infiniplex_staircase_pool, uniq_kirke
Lair:4:   layout_regular_city, dpeg_slime_entry_enclosed, serial_bayou_shore_b
Lair:5:   hangedman_lair_caniforms_friends, layout_loops_ring,
          grunt_megastairs_2
Swamp:1:  layout_basic_swamp, serial_swamp_ruin, evilmike_swamp_ruin_rubble_2,
          evilmike_swamp_ruin_house_1, evilmike_swamp_ruin_rubble_1,
          uniq_mlioglotl
Swamp:2:  layout_basic_swamp, nicolae_swamp_orc_logging_accident, swamp_pool5
Swamp:3:  layout_falls_marsh, ebering_ghost_inner_flame,
          evilmike_swamp_ruin_house_5, nicolae_swamp_baby_hydras
Swamp:4:  swamp_fiery, layout_basic_swamp
Spider:1: layout_spider_delve, drop_trap, spiders_nest_spider_trap
Spider:2: layout_spider_delve, nicolae_spider_webs_and_nodes,
          nicolae_orb_island, nicolae_spider_cling_halls, uniq_roxanne
Spider:3: layout_spider_delve, nicolae_arachne_temple
Spider:4: grunt_spider_rune_island
Slime:1:  layout_caves, nicolae_slime_barrier
Slime:2:  layout_caves
Slime:3:  layout_caves
Slime:4:  layout_caves, nicolae_slime_getting_an_eyeful
Slime:5
Orc:1:    layout_caves, uniq_snorg
Orc:2:    st_orc_open, layout_caves, chequers_guarded_unrand_ignorance,
          uniq_sonja
Elf:1:    layout_rooms, evilmike_minifort, uniq_asterion
Elf:2:    elven_hall_of_blades_hangedman_alternative
          [nicolae_blade_entry_diamond_columns], layout_geoelf_diagonals,
          serial_shops, nicolae_shop_advertising_works
          [nicolae_subvault_shop_adworks], corexii_checkpoint_a
Elf:3:    minmay_elf_hall_golems, layout_geoelf_castle, basic_altar, uniq_louise
Vaults:1: ontoclasm_vaults_twist, v_alt_pattern_2, v_misc_4, st_more_cells,
          nicolae_vaults_big_ls, ontoclasm_vaults_ring_square, v_alt_pattern_5,
          vaults_dpeg_diagonal, vaults_room_grid,
          nicolae_vaults_bisected_exclaves, vaults_dpeg_ring, vaults_room_pools,
          vaults_room_pool, layout_vaults_omnibox, serial_shops, shop,
          uniq_zenata
Vaults:2: nicolae_vaults_gold_heap, gammafunk_dig_for_victory,
          nicolae_vaults_ninety_degrees, vaults_mumra_hexcomb,
          vaults_dpeg_hooks, v_misc_32, vaults_dpeg_emergency_exit, v_misc_18,
          layout_vaults_omnigrid
Vaults:3: ontoclasm_vaults_chip, ontoclasm_vaults_ring_large,
          nicolae_vaults_ring_of_whatevers, vaults_mumra_minichess,
          hangedman_vaults_corner_blocks, blue_anna_dwarven_crypt,
          nicolae_vaults_little_squares_2,
          nicolae_vaults_windows_and_doors_thing, layout_vaults_chaotic_city,
          serial_shops, shop, uniq_sojobo
Vaults:4: hangedman_vaults_restitches, hangedman_vaults_capsules,
          vaults_dpeg_spiral, hangedman_vaults_variations,
          nicolae_vaults_asterisk, door_vault, ontoclasm_vaults_shuriken,
          nicolae_vaults_asterisk, v_alt_pattern_1, vaults_dpeg_doors,
          v_misc_13, ontoclasm_vaults_decontamination,
          vaults_room_stairs_pillars, layout_vaults_omnicross, uniq_margery
Vaults:5
Crypt:1:  layout_misc_corridors, lemuel_nasty_fountain,
          grunt_crypt_arrival_webbed, lemuel_upstairs_altar
Crypt:2:  hangedman_screamer, layout_gridlike, uniq_josephina
Crypt:3:  lightli_unholy_cathedral, layout_chaotic_city,
          nicolae_tomb_entry_unfolded_pyramid_orthogonal, st_stairs_5
Tomb:1
Depths:1: layout_small_grid, hangedman_decor_opposing, serial_co_window_serial,
          co_window_of_opportunity_a, co_window_corner_a, co_window_cross_1,
          co_window_paths_b, co_window_paths_b, co_window_of_opportunity_c,
          co_window_corner_b, co_window_corner_cb, co_window_corner_cb,
          co_window_corner_b, co_window_broadway_b, glass_columns_a,
          pf_hell_entry_great_geh, dk_noncrumbling_3, fedhas_altar_fruit_tree
Depths:2: minmay_the_grid_triangle_9x9_rhombus_thin_mashed
          [minmay_the_grid_triangle_9x9_zippers_vertical,
          minmay_the_grid_triangle_9x9_prize_center,
          minmay_the_grid_triangle_9x9_impossible_snake,
          minmay_the_grid_triangle_9x9_warning], layout_honeycomb, hell_entry,
          rand_demon_pan_entry_1, drop_trap, kennysheep_minor_cross
Depths:3: nicolae_cairo_tiling_large, layout_gridlike, grunt_hell_entry_dis_old,
          abyss_entry, columned_hall_lemuel, serial_co_window_serial,
          co_window_corner_a, co_window_corner_a, co_window_of_opportunity_a,
          co_window_cross_1, co_window_cross_1, co_window_corner_ca,
          co_window_paths_c, co_window_of_opportunity_c, pan_entry
Depths:4: grunt_zot_entry_gee_three, layout_cave_pools, enter_ziggurat_b,
          minmay_misc_feat_x, hell_entry, hangedman_abyss_entry_splay,
          serial_shops, shop, pan_entry, mu_enter_wizlab_3
Zot:1:    circus_mu, layout_basic, hangedman_player_shredder
Zot:2:    cheibrodos_zot_enchanting_chambers, layout_twisted_circle

Skill      XL: |  1  2  3  4  5  6  7  8  9 10 11 12 13 14 15 16 17 18 19 20 21 22 23 24 25 26 27 |
---------------+----------------------------------------------------------------------------------+-----
Spellcasting   | 3 4 5 7 9 10 11 12 | 12.0
Summonings     | 5 6 7 8 10 12 13 | 13.4
Air Magic      | 2 3 4 8 11 13 15 17 19 21 23 | 23.4
Fighting       | 2 7 8 10 12 13 15 16 17 18 19 | 19.1
Dodging        | 3 7 8 10 12 14 15 16 17 18 19 | 19.2
Transmutations | 2 8 11 12 13 14 17 19 21 23 | 23.3
Unarmed Combat | 4 7 10 12 13 15 16 17 18 | 18.0
Translocations | 6 8 10 | 10.0
Stealth        | |  2.6

Action                     |  1- 3 |  4- 6 |  7- 9 | 10-12 | 13-15 | 16-18 | 19-21 | 22-24 | 25-27 || total
---------------------------+-------+-------+-------+-------+-------+-------+-------+-------+-------++-------
  Melee: Unarmed           |    63 |    30 |    13 |     9 |   169 |   553 |   681 |  1170 |  1253 ||  3941
         Constrict         |    24 |    12 |     3 |     4 |     2 |       |     3 |     7 |     2 ||    57
         Tentacles         |    23 |    10 |     6 |     3 |     2 |       |     3 |     6 |     4 ||    57
         Punch             |       |     1 |       |       |     7 |    40 |   105 |   115 |   101 ||   369
         Hand axe          |       |       |       |       |     7 |     2 |     8 |    13 |    13 ||    43
         Pseudopods        |       |       |       |       |       |       |       |       |     2 ||     2
   Cast: Summon Small Mamm |    35 |    37 |    26 |    14 |       |       |       |       |       ||   112
         Call Canine Famil |     4 |    28 |    30 |    16 |    35 |    24 |    12 |     3 |     3 ||   155
         Call Imp          |     3 |    17 |    27 |     9 |       |     2 |       |       |       ||    58
         Summon Guardian G |       |       |    16 |    19 |    37 |    20 |     8 |     2 |       ||   102
         Summon Lightning  |       |       |     7 |    17 |    35 |    18 |    11 |     1 |       ||    89
         Summon Cactus Gia |       |       |       |    57 |    60 |    75 |    46 |    33 |     9 ||   280
         Summon Mana Viper |       |       |       |    35 |    56 |    70 |    43 |    26 |    11 ||   241
         Summon Forest     |       |       |       |     3 |    47 |    49 |    27 |    11 |     1 ||   138
         Storm Form        |       |       |       |       |    25 |    93 |   107 |   156 |   128 ||   509
         Manifold Assault  |       |       |       |       |       |       |       |   336 |   552 ||   888
 Invoke: Call Merchant     |       |       |       |     1 |     2 |     4 |       |     4 |       ||    11
Ability: Blinkbolt         |       |       |       |       |     3 |    30 |    36 |    22 |    15 ||   106
  Evoke: Wand              |       |       |       |       |       |       |     3 |     1 |       ||     4
    Use: Scroll            |     3 |     1 |     7 |     9 |     8 |     1 |     6 |     6 |     7 ||    48
         Potion            |       |       |       |       |       |       |     1 |    10 |       ||    11
   Stab: Sleeping          |     8 |       |       |       |     1 |     1 |     2 |     1 |     2 ||    15
         Distracted        |       |       |       |       |       |    11 |     9 |     6 |     3 ||    29
 Armour: Skin              |     7 |     5 |     3 |     3 |    43 |   126 |   144 |   135 |   129 ||   595
  Dodge: Dodged            |    56 |    23 |    24 |    29 |   265 |   730 |   749 |   928 |   816 ||  3620
  Block: Other             |       |       |       |     2 |       |       |       |    20 |       ||    22
         Reflection        |       |       |       |       |       |       |       |    10 |       ||    10

Table legend: (Time is in decaauts)
 A = Elapsed time spent in this place.
 B = Non-inter-level travel time spent in this place.
 C = Inter-level travel time spent in this place.
 D = Time resting spent in this place.
 E = Time spent auto-exploring this place.
 F = Levels seen in this place.
 G = Mean time per level.
                   A        B        C        D        E       F      G
               +--------+--------+--------+--------+--------+-----+--------+
         Total |  89431 |  82780 |   6651 |  16985 |  49320 |  57 | 1569.0 |
       Dungeon |  20245 |  17933 |   2312 |    633 |  14209 |  15 | 1349.7 |
        Temple |    115 |     94 |     21 |      0 |     73 |   1 |  115.0 |
          Lair |   7903 |   6644 |   1259 |    403 |   5138 |   5 | 1580.6 |
         Swamp |   5269 |   5122 |    147 |   1129 |   2962 |   4 | 1317.2 |
   Spider Nest |   5582 |   5456 |    126 |    547 |   3524 |   4 | 1395.5 |
    Slime Pits |   7580 |   7190 |    390 |   2473 |   3203 |   5 | 1516.0 |
  Orcish Mines |   1969 |   1848 |    121 |    325 |   1117 |   2 |  984.5 |
   Elven Halls |   5314 |   5139 |    175 |    528 |   3094 |   3 | 1771.3 |
        Vaults |  19771 |  18199 |   1572 |   7932 |   7298 |   5 | 3954.2 |
         Crypt |   4001 |   3764 |    237 |    455 |   2381 |   3 | 1333.7 |
          Tomb |   1643 |   1643 |      0 |    533 |    291 |   1 | 1643.0 |
        Depths |   5743 |   5483 |    260 |    993 |   3660 |   4 | 1435.8 |
           Zot |   1786 |   1759 |     27 |     89 |   1283 |   2 |  893.0 |
         Sewer |    668 |    668 |      0 |      0 |    471 |   1 |  668.0 |
        Bailey |   1253 |   1253 |      0 |    945 |    172 |   1 | 1253.0 |
        Wizlab |    581 |    581 |      0 |      0 |    444 |   1 |  581.0 |
               +--------+--------+--------+--------+--------+-----+--------+

Top non-repeatable levels by time:
Vaults:4: 9328 daAuts
Vaults:2: 3247 daAuts
Vaults:3: 3181 daAuts
Vaults:1: 2537 daAuts
 Slime:4: 2480 daAuts
   Elf:3: 2299 daAuts
  Lair:1: 2048 daAuts
Spider:4: 2042 daAuts
 Swamp:3: 1992 daAuts
   Elf:2: 1961 daAuts
    D:12: 1960 daAuts
 Slime:2: 1807 daAuts
    D:10: 1717 daAuts
     D:9: 1650 daAuts
  Tomb:1: 1643 daAuts
